 Dungeon Crawl Stone Soup version 0.31-a0-207-g184df878d8 (webtiles) character file.

Game seed: 11875698247049997320

88 TheJester the Trooper (level 4, 0/61 HPs)
             Began as a Hill Orc Berserker on June 28, 2023.
             Was a Believer of Trog.
             Slain by a gnoll
             ... wielding a +0 spear
              (1 damage)
             ... on level 3 of the Dungeon.
             The game lasted 00:05:00 (2207 turns).

TheJester the Trooper (Hill Orc Berserker)          Turns: 2207, Time: 00:05:00

Health: 0/61       AC:  4    Str: 21    XL:     4   Next: 53%
Magic:  4/4        EV: 12    Int:  7    God:    Trog [**....]
Gold:   101        SH:  0    Dex: 10    Spells: 3/3 levels left

rFire   . . .        a - +0 mace
rCold   . . .        (no shield)
rNeg    + . .        b - +0 animal skin
rPois   .            d - +0 helmet
rElec   .            c - +0 cloak
rCorr   .            (no gloves)
SInv    .            (no boots)
Will    .....        (no amulet) Stlth
                     j - ring of positive energy
HPRegen 0.30/turn    (no ring)
MPRegen 0.09/turn

%: no passive effects
@: berserking, very quick
A: no striking features
a: Renounce Religion, Berserk, Trog's Hand


You were on level 3 of the Dungeon.
You worshipped Trog.
Trog was pleased with you.
You visited 1 branch of the dungeon, and saw 3 of its levels.

You collected 101 gold pieces.

Inventory:

Hand Weapons
 a - a +0 mace (weapon)
 e - a +0 spear
Missiles
 k - 2 boomerangs
 m - 10 stones
Armour
 b - a +0 animal skin (worn)
 c - a +0 cloak (worn)
 d - a +0 helmet (worn)
Jewellery
 j - a ring of positive energy (left hand)
Scrolls
 g - 2 scrolls of identify {unknown}
 h - 3 scrolls of immolation {unknown}
Potions
 f - a potion of brilliance (quivered) {unknown}
 i - a potion of lignification {unknown}
 l - a potion of degeneration {unknown}


   Skills:
 + Level 4.4 Fighting
 + Level 4.0 Maces & Flails
 + Level 3.1 Armour
 + Level 2.3 Dodging


You had 3 spell levels left.
You didn't know any spells.
Your spell library was empty.

Dungeon Overview and Level Annotations

Branches:
Dungeon (3/15)

Altars:
Xom
Yredelemnul


Message History

The gnoll hits you from afar with a +0 spear.
The gnoll barely misses you.
You hit the gnoll.
The gnoll is heavily wounded.
The gnoll hits you from afar with a +0 spear.
The gnoll hits you with a +0 spear.
You closely miss the gnoll.
The gnoll is heavily wounded.
The gnoll barely misses you. The gnoll hits you but does no damage.
You hit the gnoll.
The gnoll is severely wounded.
The gnoll hits you from afar with a +0 spear.
The gnoll drinks a potion.
The gnoll is healed!
You hit the gnoll.
The gnoll is moderately wounded.
The gnoll closely misses you. The gnoll hits you with a +0 spear.
The gnoll completely misses you. The gnoll hits you with a +0 spear.
* * * LOW HITPOINT WARNING * * *
You barely miss the gnoll.
The gnoll is moderately wounded.
The gnoll hits you from afar with a +0 spear.
* * * LOW HITPOINT WARNING * * *
The gnoll hits you with a +0 spear.
* * * LOW HITPOINT WARNING * * *
A red film seems to cover your vision as you go berserk!
You feel yourself moving faster!
You feel mighty!
The gnoll hits you from afar with a +0 spear.
* * * LOW HITPOINT WARNING * * *
The gnoll misses you.
You barely miss the gnoll.
The gnoll is moderately wounded.
The gnoll closely misses you. x2
You sock the gnoll!
The gnoll is almost dead.
You barely miss the gnoll.
The gnoll is almost dead.
The gnoll hits you with a +0 spear.
* * * LOW HITPOINT WARNING * * *
The gnoll hits you from afar with a +0 spear.
You die...

..#.####........########.#
..#.# ##................#
..#.# #.################
..#.# #......... ..#.#
#.########
..#.#####.######.
.................
(.#.#####..##############
...........ggggg@........
.##..###.#.##############
##...#.#.# ###g#.#.#
#g†.#.# .......>.#.#
<...g......# ....########
....


You could see 4 gnolls and a goblin.

Vanquished Creatures
  2 adders (D:2)
  2 adder zombies (D:3)
  2 worms (D:2)
  9 ball pythons
  9 endoplasms
  2 giant cockroaches
  4 goblins
  4 hobgoblins
  2 kobolds (D:2)
  5 quokkas
  A ball python zombie (D:3)
  3 bats
  4 frilled lizards
  A jackal zombie (D:3)
  4 rats
54 creatures vanquished.

Notes
Turn   | Place    | Note
-------+----------+-------------------------------------------
     0 | D:1      | TheJester the Hill Orc Berserker began the quest for the
                  | Orb.
     0 | D:1      | Reached XP level 1. HP: 19/19 MP: 1/1
   162 | D:1      | Reached XP level 2. HP: 15/27 MP: 2/2
   594 | D:1      | Reached XP level 3. HP: 28/33 MP: 3/3
   978 | D:2      | Found a faded altar of an unknown god.
  1149 | D:2      | Reached XP level 4. HP: 35/40 MP: 4/4
  1153 | D:2      | Reached ** piety under Trog
  1820 | D:2      | Found a shimmering altar of Xom.
  2072 | D:3      | Found a basalt altar of Yredelemnul.
  2207 | D:3      | HP: 1/61 [gnoll/+0 spear (6)]
  2207 | D:3      | Slain by a gnoll

Illustrated notes

Levels and vault maps discovered:
D:1:      minmay_arrival_cross, layout_loops_cross
D:2:      layout_basic, hellmonk_ecumenical_altar_heavens_door, basic_altar
D:3:      layout_basic, nicolae_yredelemnul_corpse_copse, serial_shops,
          nicolae_shop_advertising_works [nicolae_subvault_shop_adworks],
          palyth_stone_intersect

Skill      XL: |  1  2  3  4 |
---------------+-------------+-----
Fighting       | 4 |  4.4
Dodging        | 2 |  2.3
Armour         | 3 |  3.1
Maces & Flails | 4 |  4.0

Action                     |  1- 3 |  4- 6 || total
---------------------------+-------+-------++-------
  Melee: Mace              |   103 |    80 ||   183
         Punch             |       |     2 ||     2
 Invoke: Berserk           |       |     1 ||     1
   Stab: Sleeping          |       |     1 ||     1
 Armour: Animal skin       |    24 |    23 ||    47
  Dodge: Dodged            |    76 |    41 ||   117

Table legend: (Time is in decaauts)
 A = Elapsed time spent in this place.
 B = Non-inter-level travel time spent in this place.
 C = Inter-level travel time spent in this place.
 D = Time resting spent in this place.
 E = Time spent auto-exploring this place.
 F = Levels seen in this place.
 G = Mean time per level.
                   A        B        C        D        E       F      G
               +--------+--------+--------+--------+--------+-----+--------+
         Total |   2244 |   2223 |     21 |      0 |   1593 |   3 |  748.0 |
       Dungeon |   2244 |   2223 |     21 |      0 |   1593 |   3 |  748.0 |
               +--------+--------+--------+--------+--------+-----+--------+

Top non-repeatable levels by time:
     D:2: 1133 daAuts
     D:1: 820 daAuts
     D:3: 290 daAuts
